[ AOE2 MATCH · #472584076 ]
Team RMCelts vs Gurjaras
[ REPLAY ANALYSIS · EXTRACTED FROM THE RECORDED GAME ]
Feudal
—
Castle
—
Imperial
—
| APM avg | 23.1 |
| APM peak | 118 |
| eAPM avg | 20.5 |
| Villagers / military | 191 / 240 |
Focus
⚔️ 35.5% · 🌾 64.5%
Woad Raider ×94 · Mangonel ×79 · Scorpion ×53 · Trade Cart ×32 · Trebuchet (Packed) ×7 · Archer ×6
Feudal
17:33
Castle
27:24
Imperial
41:30
| APM avg | 12.2 |
| APM peak | 30 |
| eAPM avg | 9.6 |
| Villagers / military | 87 / 375 |
Focus
⚔️ 33.0% · 🌾 67.0%
Militia ×338 · Battering Ram ×32 · Trade Cart ×29 · Monk ×3 · Mangonel ×1 · Trebuchet (Packed) ×1
Feudal
14:41
Castle
22:56
Imperial
40:40
| APM avg | 12.2 |
| APM peak | 57 |
| eAPM avg | 10.9 |
| Villagers / military | 127 / 945 |
Focus
⚔️ 43.0% · 🌾 57.0%
Militia ×459 · Spearman ×415 · Mangonel ×31 · Huskarl ×25 · Fishing Ship ×11 · Scorpion ×9
Feudal
16:15
Castle
33:26
Imperial
44:52
| APM avg | 16.8 |
| APM peak | 41 |
| eAPM avg | 14.6 |
| Villagers / military | 203 / 219 |
Focus
⚔️ 27.5% · 🌾 72.5%
Archer ×48 · Knight ×45 · Hand Cannoneer ×43 · Scout Cavalry ×40 · Fishing Ship ×16 · Coustillier ×10
Feudal
13:24
Castle
23:34
Imperial
37:17
| APM avg | 16.5 |
| APM peak | 35 |
| eAPM avg | 10.7 |
| Villagers / military | 127 / 465 |
Focus
⚔️ 40.3% · 🌾 59.7%
Scout Cavalry ×105 · Mameluke ×78 · Spearman ×75 · Militia ×65 · Cavalry Archer ×56 · Skirmisher ×43
Feudal
—
Castle
—
Imperial
—
| APM avg | 27.9 |
| APM peak | 103 |
| eAPM avg | 20.9 |
| Villagers / military | 102 / 604 |
Focus
⚔️ 56.6% · 🌾 43.4%
Militia ×268 · Spearman ×204 · Scorpion ×88 · Trade Cart ×47 · Woad Raider ×18 · Battering Ram ×16
Feudal
11:51
Castle
18:13
Imperial
36:37
| APM avg | 17.8 |
| APM peak | 44 |
| eAPM avg | 12.1 |
| Villagers / military | 104 / 342 |
Focus
⚔️ 49.0% · 🌾 51.0%
Fire Lancer ×172 · War Wagon ×111 · Bombard Cannon ×17 · Iron Pagoda ×16 · Militia ×15 · Trade Cart ×13
Feudal
14:29
Castle
34:34
Imperial
54:26
| APM avg | 10.0 |
| APM peak | 83 |
| eAPM avg | 5.9 |
| Villagers / military | 56 / 84 |
Focus
⚔️ 33.5% · 🌾 66.5%
Camel Scout ×64 · Skirmisher ×18 · Monk ×1 · Scout Cavalry ×1
Match map
Initial resources + every placement click. Lines = walls · curves = elevation contours. ◆ gold · ⬟ stone · ● berries · ✦ relic · ◌ wall gap
Inputs per minute
— ColonelPacha - - Bozorix
Build order — ColonelPacha
First 150 of 647 actions detected
| 0:09 | Research | Loom |
| 0:09 | Create | Villager (Male) |
| 0:10 | Create | Villager (Male) |
| 0:10 | Create | Villager (Male) |
| 0:10 | Create | Villager (Male) |
| 0:23 | Build | House |
| 1:13 | Build | Palisade Wall |
| 1:32 | Build | Lumber Camp |
| 1:58 | Build | Building 796 |
| 2:09 | Create | Villager (Male) |
| 3:01 | Create | Villager (Male) |
| 3:08 | Build | House |
| 3:51 | Build | House |
| 3:54 | Create | Villager (Male) |
| 4:16 | Create | Villager (Male) |
| 4:41 | Create | Villager (Male) |
| 5:09 | Build | House |
| 5:24 | Create | Villager (Male) |
| 5:34 | Create | Villager (Male) |
| 5:45 | Create | Villager (Male) |
| 5:59 | Build | Palisade Wall |
| 6:17 | Build | Palisade Wall |
| 6:19 | Create | Villager (Male) |
| 6:57 | Create | Villager (Male) |
| 7:15 | Build | Mill |
| 7:20 | Create | Villager (Male) |
| 7:42 | Create | Villager (Male) |
| 8:24 | Create | Villager (Male) |
| 8:24 | Create | Villager (Male) |
| 8:24 | Create | Villager (Male) |
| 8:34 | Build | House |
| 9:09 | Create | Villager (Male) |
| 9:09 | Create | Villager (Male) |
| 9:40 | Create | Villager (Male) |
| 9:40 | Create | Villager (Male) |
| 11:13 | Research | Feudal Age |
| 11:25 | Build | Mining Camp |
| 12:08 | Create | Villager (Male) |
| 12:08 | Create | Villager (Male) |
| 12:09 | Create | Villager (Male) |
| 12:47 | Build | House |
| 13:04 | Build | Mining Camp |
| 13:33 | Research | Double-Bit Axe |
| 13:37 | Research | Gold Mining |
| 13:54 | Build | Building 490 |
| 14:15 | Build | Market |
| 14:40 | Create | Villager (Male) |
| 14:40 | Create | Villager (Male) |
| 15:08 | Build | Building 490 |
| 15:14 | Build | Watch Tower |
| 15:22 | Build | Mill |
| 15:31 | Build | House |
| 15:34 | Create | Villager (Male) |
| 15:34 | Create | Villager (Male) |
| 16:03 | Build | Lumber Camp |
| 16:10 | Create | Villager (Male) |
| 16:10 | Create | Villager (Male) |
| 16:15 | Build | House |
| 16:44 | Build | Stone Wall |
| 16:50 | Build | Barracks |
| 16:56 | Build | House |
| 16:59 | Research | Wheelbarrow |
| 17:00 | Create | Villager (Male) |
| 17:00 | Create | Villager (Male) |
| 17:01 | Create | Villager (Male) |
| 17:33 | Build | Farm |
| 17:41 | Create | Trade Cart |
| 17:41 | Create | Trade Cart |
| 17:41 | Create | Trade Cart |
| 17:42 | Create | Villager (Male) |
| 17:42 | Create | Villager (Male) |
| 17:43 | Create | Villager (Male) |
| 18:09 | Build | Archery Range |
| 18:37 | Build | Blacksmith |
| 18:59 | Create | Villager (Male) |
| 19:20 | Create | Villager (Male) |
| 19:29 | Build | Farm |
| 19:35 | Build | House |
| 19:52 | Build | Mill |
| 20:09 | Build | Stable |
| 20:17 | Build | Farm |
| 20:21 | Create | Villager (Male) |
| 20:21 | Create | Villager (Male) |
| 20:24 | Create | Trade Cart |
| 20:25 | Create | Trade Cart |
| 20:36 | Build | Market |
| 20:42 | Build | Farm |
| 20:48 | Build | Farm |
| 21:02 | Create | Archer |
| 21:02 | Create | Archer |
| 21:02 | Create | Archer |
| 21:04 | Research | Fletching |
| 21:11 | Build | Farm |
| 21:22 | Build | Mining Camp |
| 21:28 | Build | Farm |
| 21:33 | Build | Farm |
| 21:36 | Create | Villager (Male) |
| 21:55 | Create | Trade Cart |
| 22:03 | Create | Villager (Male) |
| 22:12 | Build | Farm |
| 22:15 | Research | Wheelbarrow |
| 22:28 | Build | House |
| 22:40 | Build | Farm |
| 23:22 | Build | House |
| 23:31 | Research | Castle Age |
| 23:52 | Build | House |
| 24:28 | Build | Watch Tower |
| 24:34 | Create | Villager (Male) |
| 24:35 | Create | Villager (Male) |
| 24:39 | Build | House |
| 24:43 | Create | Trade Cart |
| 24:43 | Create | Trade Cart |
| 24:44 | Create | Trade Cart |
| 24:44 | Create | Trade Cart |
| 24:44 | Create | Trade Cart |
| 24:44 | Create | Trade Cart |
| 24:45 | Create | Trade Cart |
| 24:58 | Create | Archer |
| 24:58 | Create | Archer |
| 24:59 | Create | Archer |
| 25:11 | Build | House |
| 25:46 | Build | Farm |
| 26:13 | Create | Villager (Male) |
| 26:13 | Create | Villager (Male) |
| 26:13 | Create | Villager (Male) |
| 26:13 | Create | Villager (Male) |
| 26:30 | Build | Castle |
| 26:44 | Build | Town Center |
| 26:51 | Build | Monastery |
| 27:04 | Build | University |
| 27:13 | Build | Town Center |
| 27:33 | Build | Stone Wall |
| 28:01 | Research | Guard Tower (upgrade) |
| 28:08 | Create | Monk |
| 28:10 | Research | Bodkin Arrow |
| 28:11 | Research | Forging |
| 28:11 | Research | Scale Mail Armor |
| 28:22 | Research | Hand Cart |
| 28:36 | Create | Villager (Male) |
| 28:37 | Create | Villager (Male) |
| 28:50 | Build | Town Center |
| 28:54 | Create | Villager (Male) |
| 29:01 | Create | Trade Cart |
| 29:01 | Create | Trade Cart |
| 29:01 | Create | Trade Cart |
| 29:19 | Research | Town Watch |
| 29:29 | Build | Farm |
| 29:33 | Research | Treadmill Crane |
| 29:43 | Create | Villager (Male) |
| 29:47 | Create | Trade Cart |
Build order — Bozorix
First 150 of 389 actions detected
| 0:04 | Create | Villager (Male) |
| 0:04 | Create | Villager (Male) |
| 0:04 | Create | Villager (Male) |
| 0:04 | Create | Villager (Male) |
| 0:05 | Research | Loom |
| 0:10 | Build | House |
| 0:42 | Build | House |
| 1:03 | Build | Palisade Wall |
| 1:17 | Build | Palisade Wall |
| 1:53 | Build | Palisade Wall |
| 4:10 | Build | Palisade Wall |
| 6:13 | Create | Villager (Male) |
| 7:00 | Create | Villager (Male) |
| 7:08 | Create | Villager (Male) |
| 7:08 | Create | Villager (Male) |
| 7:38 | Create | Villager (Male) |
| 8:29 | Create | Villager (Male) |
| 8:29 | Create | Villager (Male) |
| 8:29 | Create | Villager (Male) |
| 8:31 | Create | Villager (Male) |
| 8:31 | Create | Villager (Male) |
| 9:03 | Create | Villager (Male) |
| 9:37 | Create | Villager (Male) |
| 9:45 | Build | House |
| 10:13 | Create | Villager (Male) |
| 10:47 | Build | Mill |
| 10:56 | Create | Villager (Male) |
| 11:04 | Build | House |
| 12:12 | Create | Villager (Male) |
| 12:12 | Create | Villager (Male) |
| 13:21 | Build | House |
| 13:43 | Create | Villager (Male) |
| 13:43 | Create | Villager (Male) |
| 13:43 | Create | Villager (Male) |
| 13:43 | Create | Villager (Male) |
| 14:24 | Build | Lumber Camp |
| 14:41 | Build | House |
| 14:45 | Create | Villager (Male) |
| 15:11 | Research | Feudal Age |
| 16:04 | Build | Barracks |
| 17:09 | Build | Mining Camp |
| 17:23 | Create | Villager (Male) |
| 17:23 | Create | Villager (Male) |
| 17:33 | Age | Feudal Age |
| 17:45 | Research | Horse Collar |
| 17:52 | Research | Double-Bit Axe |
| 18:25 | Research | Wheelbarrow |
| 18:26 | Create | Villager (Male) |
| 18:26 | Create | Villager (Male) |
| 18:37 | Research | Gold Mining |
| 18:45 | Build | Farm |
| 18:51 | Build | Farm |
| 19:12 | Build | Farm |
| 19:32 | Build | Farm |
| 19:39 | Create | Villager (Male) |
| 19:39 | Create | Villager (Male) |
| 20:12 | Create | Villager (Male) |
| 20:43 | Build | Watch Tower |
| 20:52 | Create | Villager (Male) |
| 20:52 | Create | Villager (Male) |
| 21:05 | Build | Market |
| 21:27 | Build | Farm |
| 21:30 | Build | Farm |
| 21:33 | Build | Farm |
| 21:36 | Build | Farm |
| 21:40 | Create | Villager (Male) |
| 21:40 | Create | Villager (Male) |
| 21:40 | Create | Villager (Male) |
| 21:52 | Build | Farm |
| 21:55 | Build | Farm |
| 22:05 | Create | Villager (Male) |
| 22:15 | Build | Farm |
| 22:34 | Build | Blacksmith |
| 22:56 | Build | Barracks |
| 23:03 | Create | Trade Cart |
| 23:21 | Build | House |
| 23:25 | Build | House |
| 23:28 | Build | House |
| 23:33 | Research | Fletching |
| 23:39 | Build | House |
| 23:56 | Create | Villager (Male) |
| 24:27 | Research | Castle Age |
| 24:40 | Build | House |
| 24:51 | Build | House |
| 24:54 | Build | House |
| 24:57 | Build | House |
| 25:27 | Create | Trade Cart |
| 26:10 | Build | Farm |
| 26:18 | Build | Farm |
| 26:30 | Research | Stone Mining |
| 26:33 | Create | Villager (Male) |
| 26:33 | Create | Villager (Male) |
| 26:34 | Create | Villager (Male) |
| 26:48 | Build | Barracks |
| 27:03 | Research | Scale Mail Armor |
| 27:03 | Research | Forging |
| 27:13 | Create | Trade Cart |
| 27:13 | Create | Trade Cart |
| 27:13 | Create | Trade Cart |
| 27:24 | Age | Castle Age |
| 27:26 | Research | Bow Saw |
| 27:29 | Research | Hand Cart |
| 27:31 | Create | Villager (Male) |
| 27:35 | Research | Gold Shaft Mining |
| 27:40 | Research | Heavy Plow |
| 28:04 | Build | Siege Workshop |
| 28:30 | Research | Bodkin Arrow |
| 28:38 | Create | Villager (Male) |
| 29:14 | Build | Monastery |
| 29:18 | Research | Chain Mail Armor |
| 29:42 | Build | Siege Workshop |
| 29:49 | Create | Villager (Male) |
| 29:50 | Create | Villager (Male) |
| 29:50 | Create | Villager (Male) |
| 29:50 | Create | Villager (Male) |
| 29:50 | Create | Villager (Male) |
| 30:03 | Build | Mining Camp |
| 30:20 | Build | Town Center |
| 30:37 | Create | Monk |
| 30:39 | Create | Trade Cart |
| 30:47 | Build | Mining Camp |
| 31:01 | Build | Farm |
| 31:14 | Build | Farm |
| 31:43 | Research | Fervor |
| 31:53 | Create | Villager (Male) |
| 31:53 | Create | Villager (Male) |
| 31:54 | Create | Villager (Male) |
| 32:22 | Build | University |
| 32:25 | Research | Iron Casting |
| 32:29 | Create | Battering Ram |
| 32:29 | Create | Battering Ram |
| 32:37 | Create | Mangonel |
| 32:40 | Create | Battering Ram |
| 33:20 | Create | Villager (Male) |
| 33:20 | Create | Villager (Male) |
| 33:20 | Create | Villager (Male) |
| 33:32 | Research | Murder Holes |
| 33:45 | Research | Caravan |
| 33:45 | Create | Trade Cart |
| 33:46 | Create | Trade Cart |
| 34:14 | Create | Villager (Male) |
| 34:14 | Create | Villager (Male) |
| 34:15 | Create | Villager (Male) |
| 34:15 | Create | Villager (Male) |
| 34:15 | Create | Villager (Male) |
| 34:15 | Create | Villager (Male) |
| 34:16 | Create | Villager (Male) |
| 34:16 | Create | Villager (Male) |
| 34:16 | Create | Villager (Male) |
| 34:16 | Create | Villager (Male) |
Build order — thesuq
First 150 of 584 actions detected
| 0:03 | Research | Loom |
| 0:04 | Create | Villager (Male) |
| 0:04 | Create | Villager (Male) |
| 0:04 | Create | Villager (Male) |
| 0:04 | Create | Villager (Male) |
| 0:08 | Build | House |
| 1:07 | Build | House |
| 1:08 | Build | House |
| 1:30 | Create | Villager (Male) |
| 1:30 | Create | Villager (Male) |
| 2:00 | Create | Villager (Male) |
| 2:28 | Create | Villager (Male) |
| 2:28 | Create | Villager (Male) |
| 2:46 | Build | Lumber Camp |
| 2:52 | Create | Villager (Male) |
| 4:15 | Create | Villager (Male) |
| 4:15 | Create | Villager (Male) |
| 4:15 | Create | Villager (Male) |
| 5:20 | Create | Villager (Male) |
| 5:20 | Create | Villager (Male) |
| 5:21 | Create | Villager (Male) |
| 5:21 | Create | Villager (Male) |
| 5:29 | Build | Mill |
| 5:57 | Build | Palisade Wall |
| 6:24 | Create | Villager (Male) |
| 6:25 | Create | Villager (Male) |
| 6:33 | Build | House |
| 7:20 | Build | Palisade Wall |
| 7:26 | Build | House |
| 7:29 | Create | Villager (Male) |
| 8:02 | Create | Villager (Male) |
| 8:28 | Create | Villager (Male) |
| 8:52 | Create | Villager (Male) |
| 9:29 | Build | House |
| 9:32 | Build | House |
| 9:34 | Build | House |
| 9:36 | Create | Villager (Male) |
| 9:36 | Create | Villager (Male) |
| 9:36 | Create | Villager (Male) |
| 9:37 | Create | Villager (Male) |
| 10:14 | Build | Dock |
| 10:18 | Create | Villager (Male) |
| 10:18 | Create | Villager (Male) |
| 10:37 | Build | Mining Camp |
| 11:11 | Create | Fishing Ship |
| 11:12 | Create | Fishing Ship |
| 11:25 | Create | Fishing Ship |
| 11:40 | Create | Villager (Male) |
| 12:10 | Research | Feudal Age |
| 12:34 | Build | Mining Camp |
| 13:44 | Create | Villager (Male) |
| 13:44 | Create | Villager (Male) |
| 13:55 | Build | Lumber Camp |
| 14:37 | Create | Villager (Male) |
| 14:41 | Age | Feudal Age |
| 14:48 | Build | Fish Trap |
| 14:50 | Build | Fish Trap |
| 14:52 | Build | Fish Trap |
| 15:00 | Create | Fishing Ship |
| 15:01 | Create | Fishing Ship |
| 15:03 | Create | Fishing Ship |
| 15:12 | Research | Double-Bit Axe |
| 15:21 | Create | Villager (Male) |
| 15:21 | Create | Villager (Male) |
| 16:12 | Create | Villager (Male) |
| 16:13 | Create | Villager (Male) |
| 16:44 | Build | Fish Trap |
| 16:50 | Build | Fish Trap |
| 16:57 | Create | Fishing Ship |
| 17:02 | Build | Fish Trap |
| 17:26 | Build | Market |
| 17:32 | Build | Lumber Camp |
| 17:36 | Create | Villager (Male) |
| 17:36 | Create | Villager (Male) |
| 17:44 | Build | House |
| 17:45 | Build | House |
| 17:48 | Build | House |
| 17:52 | Build | House |
| 17:54 | Build | House |
| 17:56 | Build | House |
| 17:58 | Build | House |
| 17:59 | Build | House |
| 18:11 | Create | Villager (Male) |
| 18:12 | Create | Villager (Male) |
| 18:13 | Research | Wheelbarrow |
| 18:19 | Build | Fish Trap |
| 18:26 | Build | Fish Trap |
| 18:34 | Research | Tech 906 |
| 18:43 | Build | Farm |
| 18:44 | Build | Farm |
| 18:45 | Build | Farm |
| 18:47 | Build | Farm |
| 18:52 | Research | Horse Collar |
| 19:01 | Research | Gold Mining |
| 19:23 | Build | Blacksmith |
| 19:43 | Build | Farm |
| 19:44 | Build | Farm |
| 20:07 | Research | Castle Age |
| 20:11 | Create | Fishing Ship |
| 20:14 | Create | Fishing Ship |
| 20:26 | Build | House |
| 20:28 | Build | House |
| 20:30 | Build | House |
| 20:31 | Build | House |
| 20:33 | Build | House |
| 21:00 | Build | Barracks |
| 21:11 | Research | Forging |
| 21:15 | Research | Scale Mail Armor |
| 21:27 | Build | Fish Trap |
| 21:40 | Build | Fish Trap |
| 21:49 | Create | Fishing Ship |
| 21:50 | Create | Fishing Ship |
| 22:34 | Research | Stone Mining |
| 22:45 | Build | Barracks |
| 22:51 | Build | Barracks |
| 22:54 | Build | Barracks |
| 22:56 | Build | Barracks |
| 22:56 | Age | Castle Age |
| 23:02 | Research | Hand Cart |
| 23:22 | Build | Town Center |
| 23:28 | Research | Bow Saw |
| 23:40 | Create | Villager (Male) |
| 23:41 | Create | Villager (Male) |
| 23:41 | Create | Villager (Male) |
| 23:41 | Create | Villager (Male) |
| 23:59 | Build | Town Center |
| 24:24 | Create | Villager (Male) |
| 24:24 | Create | Villager (Male) |
| 24:29 | Create | Villager (Male) |
| 24:29 | Create | Villager (Male) |
| 24:29 | Create | Villager (Male) |
| 24:29 | Create | Villager (Male) |
| 24:29 | Create | Villager (Male) |
| 24:41 | Build | Fish Trap |
| 24:45 | Build | Fish Trap |
| 24:58 | Research | Man-at-Arms (upgrade) |
| 25:09 | Research | Squires |
| 25:21 | Create | Villager (Male) |
| 25:21 | Create | Villager (Male) |
| 25:21 | Create | Villager (Male) |
| 25:27 | Build | Farm |
| 25:28 | Build | Farm |
| 25:28 | Build | Farm |
| 25:45 | Research | Heavy Plow |
| 26:08 | Build | House |
| 26:11 | Build | House |
| 26:12 | Build | House |
| 26:15 | Create | Villager (Male) |
| 26:15 | Create | Villager (Male) |
| 26:16 | Create | Villager (Male) |
Build order — Astorre Aprile
First 150 of 552 actions detected
| 0:04 | Research | Loom |
| 0:11 | Build | House |
| 0:41 | Build | Palisade Wall |
| 0:57 | Create | Villager (Male) |
| 0:57 | Create | Villager (Male) |
| 0:57 | Create | Villager (Male) |
| 0:58 | Create | Villager (Male) |
| 0:58 | Create | Villager (Male) |
| 2:55 | Build | House |
| 3:00 | Build | Lumber Camp |
| 3:02 | Create | Villager (Male) |
| 3:02 | Create | Villager (Male) |
| 4:07 | Create | Villager (Male) |
| 4:07 | Create | Villager (Male) |
| 5:28 | Create | Villager (Male) |
| 5:29 | Create | Villager (Male) |
| 6:23 | Build | Mill |
| 6:30 | Create | Villager (Male) |
| 6:30 | Create | Villager (Male) |
| 7:33 | Create | Villager (Male) |
| 7:33 | Create | Villager (Male) |
| 7:47 | Build | House |
| 7:48 | Build | House |
| 7:57 | Build | Palisade Wall |
| 8:05 | Build | Palisade Wall |
| 8:09 | Build | House |
| 8:27 | Create | Villager (Male) |
| 8:27 | Create | Villager (Male) |
| 8:27 | Create | Villager (Male) |
| 8:59 | Create | Villager (Male) |
| 8:59 | Create | Villager (Male) |
| 9:00 | Create | Villager (Male) |
| 9:07 | Create | Villager (Male) |
| 9:08 | Create | Villager (Male) |
| 9:08 | Create | Villager (Male) |
| 9:20 | Build | House |
| 9:31 | Create | Villager (Male) |
| 9:31 | Create | Villager (Male) |
| 9:54 | Create | Villager (Male) |
| 9:55 | Create | Villager (Male) |
| 10:33 | Create | Villager (Male) |
| 10:33 | Create | Villager (Male) |
| 10:34 | Create | Villager (Male) |
| 11:06 | Create | Villager (Male) |
| 11:07 | Create | Villager (Male) |
| 11:07 | Create | Villager (Male) |
| 12:08 | Create | Villager (Male) |
| 12:09 | Create | Villager (Male) |
| 12:09 | Create | Villager (Male) |
| 13:58 | Build | Palisade Wall |
| 13:58 | Build | Palisade Wall |
| 14:05 | Research | Feudal Age |
| 14:12 | Build | Mill |
| 14:24 | Build | Lumber Camp |
| 15:15 | Research | Double-Bit Axe |
| 16:15 | Age | Feudal Age |
| 16:36 | Build | Stone Wall |
| 16:41 | Build | Mining Camp |
| 16:45 | Create | Villager (Male) |
| 16:46 | Create | Villager (Male) |
| 16:46 | Create | Villager (Male) |
| 16:46 | Create | Villager (Male) |
| 16:48 | Create | Villager (Male) |
| 16:49 | Create | Villager (Male) |
| 16:57 | Research | Bow Saw |
| 17:08 | Build | Lumber Camp |
| 17:27 | Research | Horse Collar |
| 17:48 | Build | Watch Tower |
| 17:58 | Create | Villager (Male) |
| 17:58 | Create | Villager (Male) |
| 18:28 | Create | Villager (Male) |
| 18:28 | Create | Villager (Male) |
| 18:28 | Create | Villager (Male) |
| 18:37 | Build | Stone Wall |
| 18:57 | Build | Stone Wall |
| 19:27 | Create | Villager (Male) |
| 19:27 | Create | Villager (Male) |
| 19:33 | Build | Farm |
| 19:35 | Build | Farm |
| 19:36 | Build | Farm |
| 19:36 | Build | Farm |
| 19:37 | Build | Farm |
| 19:38 | Build | Farm |
| 19:40 | Build | Farm |
| 19:41 | Build | Farm |
| 19:42 | Build | Farm |
| 19:43 | Build | Farm |
| 19:44 | Build | Farm |
| 19:52 | Create | Villager (Male) |
| 19:53 | Create | Villager (Male) |
| 19:53 | Create | Villager (Male) |
| 20:21 | Build | Outpost |
| 20:24 | Build | Outpost |
| 20:27 | Build | Outpost |
| 20:30 | Build | Outpost |
| 20:44 | Build | Farm |
| 20:59 | Build | House |
| 21:01 | Build | House |
| 21:04 | Build | House |
| 21:07 | Build | House |
| 21:15 | Build | Farm |
| 21:26 | Create | Villager (Male) |
| 21:26 | Create | Villager (Male) |
| 21:32 | Build | House |
| 21:33 | Build | House |
| 21:34 | Build | House |
| 21:36 | Build | House |
| 21:43 | Build | Market |
| 22:01 | Build | Watch Tower |
| 22:10 | Build | Barracks |
| 22:28 | Research | Stone Mining |
| 22:33 | Create | Villager (Male) |
| 22:51 | Build | Blacksmith |
| 23:01 | Create | Villager (Male) |
| 23:07 | Research | Heavy Plow |
| 23:40 | Build | Archery Range |
| 23:56 | Build | Mining Camp |
| 24:00 | Create | Villager (Male) |
| 24:01 | Create | Villager (Male) |
| 24:01 | Create | Villager (Male) |
| 24:12 | Build | Lumber Camp |
| 24:28 | Create | Archer |
| 24:32 | Create | Skirmisher |
| 24:57 | Research | Fletching |
| 25:19 | Research | Stone Shaft Mining |
| 25:24 | Research | Gold Mining |
| 25:26 | Create | Villager (Male) |
| 25:26 | Create | Villager (Male) |
| 25:31 | Create | Archer |
| 25:32 | Create | Archer |
| 25:48 | Build | Watch Tower |
| 25:59 | Research | Gold Shaft Mining |
| 26:01 | Create | Villager (Male) |
| 26:02 | Create | Villager (Male) |
| 26:15 | Build | Dock |
| 26:22 | Build | Dock |
| 26:26 | Build | Mill |
| 26:36 | Create | Villager (Male) |
| 26:42 | Create | Archer |
| 27:19 | Create | Archer |
| 27:20 | Create | Archer |
| 27:21 | Create | Archer |
| 27:22 | Create | Archer |
| 27:25 | Create | Villager (Male) |
| 27:27 | Research | Town Watch |
| 27:31 | Create | Demolition Raft |
| 27:31 | Create | Demolition Raft |
| 27:37 | Create | Fishing Ship ×5 |
| 27:43 | Create | Villager (Male) |
| 27:43 | Create | Villager (Male) |
Build order — Dande1987
First 150 of 398 actions detected
| 0:05 | Build | House |
| 0:07 | Build | House |
| 0:12 | Create | Villager (Male) ×4 |
| 0:13 | Research | Loom |
| 1:26 | Create | Villager (Male) |
| 2:43 | Create | Villager (Male) ×2 |
| 3:34 | Build | Palisade Wall |
| 4:10 | Create | Villager (Male) ×2 |
| 4:21 | Build | House |
| 4:23 | Build | House |
| 4:57 | Create | Villager (Male) ×2 |
| 5:44 | Create | Villager (Male) ×2 |
| 6:29 | Create | Villager (Male) ×2 |
| 7:14 | Build | Mill |
| 7:34 | Create | Villager (Male) ×3 |
| 8:11 | Create | Villager (Male) ×4 |
| 8:46 | Build | Lumber Camp |
| 9:49 | Build | Lumber Camp |
| 10:41 | Create | Villager (Male) ×5 |
| 11:08 | Build | Mill |
| 11:14 | Research | Feudal Age |
| 11:21 | Build | House |
| 11:22 | Build | House |
| 11:25 | Build | House |
| 11:27 | Build | House |
| 11:46 | Create | Villager (Male) |
| 11:52 | Create | Villager (Male) |
| 12:32 | Build | Barracks |
| 12:40 | Build | Mining Camp |
| 12:48 | Build | Mining Camp |
| 13:14 | Build | Farm |
| 13:17 | Build | Farm |
| 13:24 | Age | Feudal Age |
| 13:32 | Research | Double-Bit Axe |
| 13:46 | Build | Farm |
| 14:00 | Build | Farm |
| 14:15 | Build | Farm |
| 14:25 | Build | Farm |
| 14:38 | Build | Farm |
| 14:41 | Create | Villager (Male) ×5 |
| 14:50 | Research | Town Watch |
| 15:11 | Build | Farm |
| 15:20 | Build | Farm |
| 15:23 | Build | Farm |
| 15:30 | Research | Wheelbarrow |
| 15:42 | Research | Horse Collar |
| 16:37 | Build | Market |
| 16:52 | Create | Villager (Male) |
| 16:52 | Create | Villager (Male) |
| 17:01 | Build | Blacksmith |
| 17:14 | Build | Blacksmith |
| 17:20 | Build | House |
| 17:22 | Build | House |
| 17:22 | Build | House |
| 17:23 | Build | House |
| 17:25 | Build | House |
| 17:26 | Build | House |
| 17:38 | Research | Gold Mining |
| 18:03 | Build | Stone Wall |
| 18:07 | Build | Building 673 |
| 18:22 | Build | Stone Wall |
| 18:54 | Build | Farm |
| 18:54 | Build | Farm |
| 18:55 | Build | Farm |
| 18:55 | Build | Farm |
| 18:55 | Build | Farm |
| 19:14 | Build | Farm |
| 19:14 | Build | Farm |
| 19:14 | Build | Farm |
| 19:15 | Build | Farm |
| 19:15 | Build | Farm |
| 19:40 | Create | Trade Cart |
| 19:49 | Create | Villager (Male) ×5 |
| 20:27 | Research | Stone Mining |
| 20:54 | Research | Castle Age |
| 20:55 | Create | Villager (Male) ×5 |
| 21:13 | Build | Archery Range |
| 21:37 | Build | Stone Wall |
| 22:12 | Build | Stone Wall |
| 22:17 | Build | Building 490 |
| 22:46 | Research | Man-at-Arms (upgrade) |
| 22:47 | Research | Arson |
| 22:52 | Research | Forging |
| 22:52 | Research | Scale Mail Armor |
| 22:53 | Research | Scale Barding Armor |
| 22:54 | Research | Padded Archer Armor |
| 22:54 | Research | Fletching |
| 23:01 | Create | Trade Cart ×3 |
| 23:26 | Build | Farm |
| 23:34 | Age | Castle Age |
| 23:43 | Build | Town Center |
| 24:04 | Research | Bow Saw |
| 24:30 | Research | Heavy Plow |
| 24:44 | Create | Villager (Male) |
| 24:45 | Research | Town Patrol |
| 24:50 | Research | Gold Shaft Mining |
| 25:28 | Create | Villager (Male) ×5 |
| 25:28 | Create | Villager (Male) ×5 |
| 25:40 | Create | Villager (Male) |
| 25:53 | Build | Lumber Camp |
| 26:02 | Create | Villager (Male) ×4 |
| 26:13 | Create | Villager (Male) ×3 |
| 26:17 | Build | Farm |
| 26:21 | Build | Farm |
| 26:42 | Build | Watch Tower |
| 26:50 | Build | Mining Camp |
| 27:04 | Build | Monastery |
| 27:11 | Create | Villager (Male) |
| 27:12 | Create | Villager (Male) |
| 27:24 | Research | Hand Cart |
| 27:29 | Create | Villager (Male) ×5 |
| 27:51 | Build | Stable |
| 27:55 | Research | Pikeman (upgrade) |
| 27:56 | Research | Squires |
| 27:56 | Research | Gambesons |
| 28:25 | Build | Barracks |
| 28:38 | Build | Lumber Camp |
| 28:51 | Create | Villager (Male) ×5 |
| 28:57 | Build | Farm |
| 28:57 | Build | Farm |
| 28:57 | Build | Farm |
| 28:58 | Build | Farm |
| 28:58 | Build | Farm |
| 28:58 | Build | Farm |
| 28:58 | Build | Farm |
| 29:21 | Research | Husbandry |
| 29:21 | Research | Bloodlines |
| 29:34 | Build | University |
| 29:41 | Create | Monk |
| 29:59 | Build | Lumber Camp |
| 30:16 | Build | Farm |
| 30:17 | Build | Farm |
| 30:17 | Build | Farm |
| 30:17 | Build | Farm |
| 30:18 | Build | Farm |
| 30:18 | Build | Farm |
| 30:18 | Build | Farm |
| 30:29 | Create | Villager (Male) ×5 |
| 30:32 | Create | Villager (Male) ×5 |
| 30:47 | Build | Mill |
| 30:53 | Build | Farm |
| 30:53 | Build | Farm |
| 30:53 | Build | Farm |
| 30:54 | Build | Farm |
| 30:54 | Build | Farm |
| 30:54 | Build | Farm |
| 31:34 | Build | Siege Workshop |
| 31:42 | Research | Long Swordsman (upgrade) |
| 31:43 | Create | Spearman ×5 |
| 32:04 | Create | Villager (Male) ×5 |
Build order — Edwin921761
First 150 of 963 actions detected
| 0:04 | Build | House |
| 0:06 | Build | House |
| 0:07 | Research | Loom |
| 0:08 | Create | Villager (Male) |
| 0:08 | Create | Villager (Male) |
| 0:08 | Create | Villager (Male) |
| 0:09 | Create | Villager (Male) |
| 2:38 | Create | Villager (Male) |
| 3:08 | Build | Palisade Wall |
| 3:17 | Create | Villager (Male) |
| 4:20 | Create | Villager (Male) |
| 4:20 | Create | Villager (Male) |
| 4:57 | Build | Palisade Wall |
| 5:07 | Create | Villager (Male) |
| 5:42 | Create | Villager (Male) |
| 5:43 | Create | Villager (Male) |
| 6:15 | Create | Villager (Male) |
| 6:15 | Create | Villager (Male) |
| 6:41 | Build | House |
| 6:51 | Create | Villager (Male) |
| 7:03 | Build | House |
| 7:14 | Create | Villager (Male) |
| 7:51 | Create | Villager (Male) |
| 7:51 | Create | Villager (Male) |
| 8:01 | Build | Lumber Camp |
| 9:06 | Build | Lumber Camp |
| 9:22 | Build | House |
| 9:30 | Create | Villager (Male) |
| 9:30 | Create | Villager (Male) |
| 9:31 | Create | Villager (Male) |
| 9:31 | Create | Villager (Male) |
| 9:32 | Create | Villager (Male) |
| 9:32 | Create | Villager (Male) |
| 10:23 | Build | Mill |
| 10:36 | Build | Mill |
| 10:45 | Create | Villager (Male) |
| 11:07 | Create | Villager (Male) |
| 11:08 | Create | Villager (Male) |
| 11:20 | Build | Mill |
| 11:25 | Create | Villager (Male) |
| 11:33 | Build | Mining Camp |
| 13:06 | Research | Feudal Age |
| 13:35 | Build | House |
| 13:36 | Build | House |
| 14:19 | Build | Farm |
| 14:20 | Build | Farm |
| 14:21 | Build | Farm |
| 14:35 | Build | Mining Camp |
| 15:15 | Create | Villager (Male) |
| 15:16 | Create | Villager (Male) |
| 15:16 | Create | Villager (Male) |
| 15:17 | Create | Villager (Male) |
| 15:18 | Create | Villager (Male) |
| 15:35 | Build | Blacksmith |
| 15:39 | Build | Market |
| 15:49 | Build | Stone Wall |
| 15:58 | Build | Stone Wall |
| 17:14 | Research | Castle Age |
| 17:31 | Build | Farm |
| 17:35 | Build | Farm |
| 17:40 | Build | Farm |
| 17:49 | Research | Double-Bit Axe |
| 17:57 | Research | Horse Collar |
| 18:01 | Build | Farm |
| 18:04 | Build | Farm |
| 18:06 | Build | Farm |
| 18:45 | Create | Trade Cart |
| 19:02 | Create | Trade Cart |
| 19:03 | Create | Trade Cart |
| 20:04 | Build | House |
| 20:05 | Build | House |
| 20:06 | Build | House |
| 20:07 | Build | House |
| 20:14 | Build | Town Center |
| 20:19 | Build | Town Center |
| 20:31 | Build | Siege Workshop |
| 20:37 | Create | Villager (Male) |
| 20:37 | Create | Villager (Male) |
| 20:37 | Create | Villager (Male) |
| 20:38 | Create | Villager (Male) |
| 20:38 | Create | Villager (Male) |
| 20:43 | Research | Bow Saw |
| 21:26 | Create | Villager (Male) |
| 21:27 | Create | Villager (Male) |
| 21:27 | Create | Villager (Male) |
| 21:28 | Create | Villager (Male) |
| 21:37 | Create | Villager (Male) |
| 21:37 | Create | Villager (Male) |
| 21:46 | Build | Town Center |
| 22:30 | Create | Mangonel |
| 22:38 | Build | Farm |
| 22:40 | Build | Farm |
| 22:41 | Build | Farm |
| 22:45 | Create | Villager (Male) |
| 23:03 | Create | Villager (Male) |
| 23:04 | Create | Villager (Male) |
| 23:08 | Build | Farm |
| 23:24 | Build | Farm |
| 23:27 | Create | Trade Cart |
| 23:33 | Research | Gold Mining |
| 23:36 | Create | Villager (Male) |
| 23:36 | Create | Villager (Male) |
| 23:41 | Build | Farm |
| 23:43 | Create | Villager (Male) |
| 23:44 | Create | Villager (Male) |
| 24:24 | Create | Scorpion |
| 24:43 | Build | Castle |
| 25:02 | Build | Farm |
| 25:03 | Build | Farm |
| 25:05 | Build | Farm |
| 25:06 | Build | Farm |
| 25:09 | Create | Villager (Male) |
| 25:10 | Create | Villager (Male) |
| 25:11 | Create | Villager (Male) |
| 25:19 | Build | Mining Camp |
| 25:22 | Create | Villager (Male) |
| 25:23 | Create | Villager (Male) |
| 25:24 | Create | Villager (Male) |
| 25:26 | Create | Villager (Male) |
| 25:27 | Create | Villager (Male) |
| 25:27 | Create | Villager (Male) |
| 25:31 | Create | Villager (Male) |
| 25:32 | Create | Villager (Male) |
| 25:34 | Create | Trade Cart |
| 25:35 | Create | Trade Cart |
| 25:40 | Build | Farm |
| 25:41 | Build | Farm |
| 25:42 | Build | Farm |
| 25:44 | Build | Farm |
| 26:01 | Build | Barracks |
| 26:15 | Build | Farm |
| 26:19 | Create | Villager (Male) |
| 26:19 | Create | Villager (Male) |
| 26:25 | Create | Villager (Male) |
| 26:25 | Create | Villager (Male) |
| 26:38 | Create | Mangonel |
| 27:22 | Build | Farm |
| 27:23 | Build | Farm |
| 27:26 | Create | Villager (Male) |
| 27:27 | Create | Villager (Male) |
| 27:30 | Create | Villager (Male) |
| 27:30 | Create | Villager (Male) |
| 27:31 | Create | Villager (Male) |
| 27:58 | Create | Woad Raider |
| 27:58 | Create | Woad Raider |
| 27:59 | Create | Woad Raider |
| 28:40 | Build | Siege Workshop |
| 28:42 | Build | Siege Workshop |
| 28:45 | Build | Barracks |
| 28:49 | Build | Farm |
Build order — Dostoyevski
First 150 of 572 actions detected
| 0:11 | Build | House |
| 0:12 | Build | House |
| 0:14 | Build | House |
| 0:17 | Build | House |
| 0:24 | Create | Villager (Male) |
| 0:25 | Research | Loom |
| 0:25 | Create | Villager (Male) |
| 0:26 | Create | Villager (Male) |
| 0:26 | Create | Villager (Male) |
| 0:26 | Create | Villager (Male) |
| 1:51 | Build | Mining Camp |
| 1:55 | Create | Villager (Male) |
| 2:55 | Create | Villager (Male) |
| 3:30 | Create | Villager (Male) |
| 3:30 | Create | Villager (Male) |
| 4:16 | Create | Villager (Male) |
| 4:36 | Create | Villager (Male) |
| 4:37 | Create | Villager (Male) |
| 5:15 | Create | Villager (Male) |
| 5:15 | Create | Villager (Male) |
| 5:15 | Create | Villager (Male) |
| 5:32 | Create | Villager (Male) |
| 6:12 | Create | Villager (Male) |
| 6:12 | Create | Villager (Male) |
| 6:59 | Build | Lumber Camp |
| 7:04 | Create | Villager (Male) |
| 7:46 | Create | Villager (Male) |
| 7:47 | Create | Villager (Male) |
| 7:58 | Create | Villager (Male) |
| 8:34 | Create | Villager (Male) |
| 8:45 | Build | House |
| 8:46 | Build | House |
| 9:30 | Build | Mill |
| 9:41 | Research | Feudal Age |
| 10:26 | Build | House |
| 10:29 | Build | House |
| 11:51 | Age | Feudal Age |
| 12:00 | Create | Villager (Male) |
| 12:00 | Create | Villager (Male) |
| 12:01 | Create | Villager (Male) |
| 12:06 | Create | Villager (Male) |
| 12:18 | Build | Stone Wall |
| 12:37 | Build | Mill |
| 14:00 | Build | Building 490 |
| 14:08 | Create | Villager (Male) |
| 14:09 | Create | Villager (Male) |
| 14:26 | Build | Market |
| 14:45 | Build | Blacksmith |
| 15:17 | Build | Stone Wall |
| 15:24 | Build | Stone Wall |
| 15:28 | Create | Villager (Male) |
| 15:28 | Create | Villager (Male) |
| 15:30 | Research | Castle Age |
| 15:46 | Build | Mining Camp |
| 16:14 | Build | Building 490 |
| 16:24 | Build | Building 490 |
| 17:35 | Research | Wheelbarrow |
| 18:13 | Age | Castle Age |
| 18:24 | Build | Town Center |
| 18:44 | Create | Villager (Male) |
| 18:47 | Create | Villager (Male) |
| 19:32 | Build | Town Center |
| 19:43 | Build | Town Center |
| 19:50 | Create | Villager (Male) |
| 19:50 | Create | Villager (Male) |
| 19:53 | Research | Hand Cart |
| 19:59 | Build | Farm |
| 20:18 | Build | Town Center |
| 20:25 | Build | Farm |
| 20:57 | Build | Farm |
| 21:02 | Build | Farm |
| 21:03 | Build | Farm |
| 21:05 | Build | Farm |
| 21:09 | Build | Farm |
| 21:10 | Build | Farm |
| 21:21 | Build | Farm |
| 21:24 | Create | Villager (Male) |
| 21:24 | Create | Villager (Male) |
| 21:25 | Create | Villager (Male) |
| 21:46 | Build | Barracks |
| 22:06 | Create | Villager (Male) |
| 22:21 | Build | Farm |
| 22:23 | Build | Farm |
| 22:27 | Build | Farm |
| 22:28 | Build | Farm |
| 22:31 | Create | Villager (Male) |
| 22:38 | Create | Villager (Male) |
| 22:44 | Build | Siege Workshop |
| 22:51 | Create | Villager (Male) |
| 23:05 | Build | House |
| 23:07 | Build | House |
| 23:08 | Build | House |
| 23:11 | Build | House |
| 23:13 | Build | House |
| 23:15 | Build | House |
| 23:19 | Create | Villager (Male) |
| 23:20 | Create | Villager (Male) |
| 23:32 | Build | Farm |
| 23:34 | Create | Villager (Male) |
| 23:37 | Create | Villager (Male) |
| 23:47 | Create | Iron Pagoda |
| 24:05 | Create | Villager (Male) |
| 24:10 | Create | Villager (Male) |
| 24:12 | Create | Villager (Male) |
| 24:18 | Build | Farm |
| 24:59 | Create | Iron Pagoda |
| 25:01 | Create | Villager (Male) |
| 25:01 | Create | Villager (Male) |
| 25:05 | Create | Villager (Male) |
| 25:05 | Create | Villager (Male) |
| 25:08 | Build | Farm |
| 25:09 | Create | Villager (Male) |
| 25:10 | Create | Villager (Male) |
| 25:13 | Create | Villager (Male) |
| 25:19 | Build | House |
| 25:20 | Build | House |
| 25:23 | Build | House |
| 25:29 | Build | Monastery |
| 25:53 | Research | Fletching |
| 25:57 | Build | Farm |
| 26:05 | Build | Farm |
| 26:08 | Build | Farm |
| 26:14 | Build | Farm |
| 26:16 | Create | Villager (Male) |
| 26:16 | Create | Villager (Male) |
| 26:19 | Create | Monk |
| 26:26 | Create | Villager (Male) |
| 26:26 | Create | Villager (Male) |
| 26:44 | Create | Iron Pagoda |
| 26:54 | Build | House |
| 26:57 | Build | House |
| 26:59 | Build | House |
| 27:15 | Research | Bodkin Arrow |
| 27:20 | Build | Farm |
| 27:49 | Create | Iron Pagoda |
| 28:58 | Create | Villager (Male) |
| 28:58 | Create | Villager (Male) |
| 29:02 | Create | Villager (Male) |
| 29:03 | Create | Villager (Male) |
| 29:05 | Create | Villager (Male) |
| 29:05 | Create | Villager (Male) |
| 29:05 | Create | Villager (Male) |
| 29:10 | Create | Villager (Male) |
| 29:11 | Create | Villager (Male) |
| 29:11 | Create | Villager (Male) |
| 29:19 | Build | House |
| 29:25 | Build | Farm |
| 29:35 | Build | Castle |
| 29:40 | Create | Fire Lancer |
| 29:40 | Create | Fire Lancer |
Build order — LA YouTube
First 150 of 213 actions detected
| 0:15 | Create | Villager (Male) |
| 0:53 | Build | House |
| 0:56 | Build | House |
| 1:02 | Create | Villager (Male) |
| 1:03 | Create | Villager (Male) |
| 2:09 | Create | Villager (Male) |
| 2:09 | Create | Villager (Male) |
| 2:26 | Build | House |
| 2:29 | Build | House |
| 2:33 | Build | House |
| 2:54 | Create | Villager (Male) |
| 2:55 | Create | Villager (Male) |
| 2:55 | Create | Villager (Male) |
| 4:49 | Build | Mill |
| 4:54 | Create | Villager (Male) |
| 4:54 | Create | Villager (Male) |
| 4:55 | Create | Villager (Male) |
| 7:13 | Build | Farm |
| 7:32 | Build | Mill |
| 9:15 | Research | Loom |
| 10:01 | Build | Lumber Camp |
| 11:03 | Create | Villager (Male) |
| 11:05 | Create | Villager (Male) |
| 11:41 | Create | Villager (Male) |
| 12:09 | Research | Feudal Age |
| 13:33 | Build | Barracks |
| 14:29 | Age | Feudal Age |
| 14:33 | Research | Horse Collar |
| 14:33 | Research | Horse Collar |
| 14:36 | Create | Villager (Male) |
| 14:37 | Create | Villager (Male) |
| 14:37 | Create | Villager (Male) |
| 14:37 | Create | Villager (Male) |
| 14:48 | Build | Farm |
| 15:39 | Build | Farm |
| 15:49 | Build | Farm |
| 15:58 | Build | Farm |
| 16:36 | Build | Archery Range |
| 16:54 | Create | Villager (Male) |
| 17:33 | Build | Mining Camp |
| 18:31 | Create | Skirmisher |
| 18:32 | Create | Skirmisher |
| 18:32 | Create | Skirmisher |
| 18:32 | Create | Skirmisher |
| 18:33 | Create | Skirmisher |
| 18:33 | Create | Skirmisher |
| 18:34 | Create | Skirmisher |
| 18:34 | Create | Skirmisher |
| 19:07 | Create | Villager (Male) |
| 19:43 | Build | Farm |
| 19:58 | Create | Villager (Male) |
| 20:07 | Create | Villager (Male) |
| 20:59 | Build | House |
| 21:03 | Build | House |
| 21:06 | Build | House |
| 21:09 | Build | House |
| 21:41 | Build | Farm |
| 21:54 | Research | Double-Bit Axe |
| 22:13 | Build | Mining Camp |
| 22:22 | Create | Villager (Male) |
| 22:24 | Create | Villager (Male) |
| 22:24 | Create | Villager (Male) |
| 22:34 | Create | Skirmisher |
| 23:05 | Build | Farm |
| 23:33 | Build | Farm |
| 23:51 | Build | Farm |
| 24:16 | Create | Skirmisher |
| 24:16 | Create | Skirmisher |
| 24:17 | Create | Skirmisher |
| 24:17 | Create | Skirmisher |
| 24:18 | Create | Skirmisher |
| 24:18 | Create | Skirmisher |
| 24:18 | Create | Skirmisher |
| 24:19 | Create | Skirmisher |
| 24:19 | Create | Skirmisher |
| 25:08 | Create | Villager (Male) |
| 25:27 | Create | Villager (Male) |
| 25:28 | Create | Villager (Male) |
| 25:29 | Create | Villager (Male) |
| 26:00 | Build | Stable |
| 26:30 | Build | House |
| 26:33 | Build | House |
| 26:35 | Build | House |
| 26:44 | Build | House |
| 26:47 | Build | House |
| 26:50 | Build | House |
| 26:54 | Build | House |
| 27:20 | Build | Blacksmith |
| 28:02 | Create | Camel Scout |
| 28:02 | Create | Camel Scout |
| 28:02 | Create | Camel Scout |
| 28:03 | Create | Camel Scout |
| 28:03 | Create | Camel Scout |
| 28:03 | Create | Camel Scout |
| 28:04 | Create | Camel Scout |
| 31:54 | Research | Castle Age |
| 32:30 | Build | Mill |
| 32:40 | Create | Camel Scout |
| 32:40 | Create | Camel Scout |
| 32:41 | Create | Camel Scout |
| 32:41 | Create | Camel Scout |
| 33:08 | Create | Villager (Male) |
| 33:16 | Create | Villager (Male) |
| 34:34 | Age | Castle Age |
| 34:37 | Research | Heavy Plow |
| 34:37 | Research | Heavy Plow |
| 34:45 | Build | Farm |
| 35:16 | Create | Villager (Male) |
| 35:16 | Create | Villager (Male) |
| 35:17 | Create | Villager (Male) |
| 35:17 | Create | Villager (Male) |
| 35:36 | Build | Farm |
| 35:52 | Build | Farm |
| 36:01 | Build | Farm |
| 36:24 | Build | Farm |
| 36:37 | Build | Farm |
| 36:47 | Build | Farm |
| 37:01 | Create | Villager (Male) |
| 37:01 | Create | Villager (Male) |
| 37:02 | Create | Villager (Male) |
| 37:02 | Create | Villager (Male) |
| 37:02 | Create | Villager (Male) |
| 37:03 | Create | Villager (Male) |
| 37:03 | Create | Villager (Male) |
| 37:03 | Create | Villager (Male) |
| 38:27 | Build | Monastery |
| 39:02 | Create | Villager (Male) |
| 39:03 | Create | Villager (Male) |
| 39:03 | Create | Villager (Male) |
| 39:03 | Create | Villager (Male) |
| 39:04 | Create | Villager (Male) |
| 39:04 | Create | Villager (Male) |
| 39:10 | Research | Town Watch |
| 40:21 | Build | House |
| 40:27 | Build | House |
| 40:30 | Build | House |
| 40:35 | Build | House |
| 41:11 | Research | Husbandry |
| 41:12 | Research | Bloodlines |
| 42:50 | Build | Castle |
| 43:17 | Research | Town Patrol |
| 43:17 | Research | Town Patrol |
| 43:24 | Create | Camel Scout |
| 43:25 | Create | Camel Scout |
| 43:25 | Create | Camel Scout |
| 43:25 | Create | Camel Scout |
| 43:25 | Create | Camel Scout |
| 43:26 | Create | Camel Scout |
| 43:26 | Create | Camel Scout |
| 43:27 | Create | Camel Scout |
Match timeline
| 0:41 | Astorre Aprile · wall_segment Palisade Wall x11 |
| 1:03 | Bozorix · wall_segment Palisade Wall x9 |
| 1:13 | ColonelPacha · wall_segment Palisade Wall x16 |
| 1:17 | Bozorix · wall_segment Palisade Wall x7 |
| 1:53 | Bozorix · wall_segment Palisade Wall x7 |
| 3:08 | Edwin921761 · wall_segment Palisade Wall x8 |
| 3:34 | Dande1987 · wall_segment Palisade Wall x8 |
| 4:10 | Bozorix · wall_segment Palisade Wall x1 |
| 4:57 | Edwin921761 · wall_segment Palisade Wall x20 |
| 5:57 | thesuq · wall_segment Palisade Wall x6 |
| 5:59 | ColonelPacha · wall_segment Palisade Wall x1 |
| 6:17 | ColonelPacha · wall_segment Palisade Wall x1 |
| 7:20 | thesuq · wall_segment Palisade Wall x6 |
| 7:57 | Astorre Aprile · wall_segment Palisade Wall x1 |
| 8:05 | Astorre Aprile · wall_segment Palisade Wall x1 |
| 10:14 | thesuq · first_building Dock |
| 11:51 | Dostoyevski · age_up feudal |
| 12:18 | Dostoyevski · wall_segment Stone Wall x13 |
| 12:32 | Dande1987 · first_building Barracks |
| 13:24 | Dande1987 · age_up feudal |
| 13:33 | LA YouTube · first_building Barracks |
| 13:58 | Astorre Aprile · wall_segment Palisade Wall x1 |
| 13:58 | Astorre Aprile · wall_segment Palisade Wall x1 |
| 14:29 | LA YouTube · age_up feudal |
| 14:41 | thesuq · age_up feudal |
| 15:17 | Dostoyevski · wall_segment Stone Wall x13 |
| 15:24 | Dostoyevski · wall_segment Stone Wall x9 |
| 15:49 | Edwin921761 · wall_segment Stone Wall x12 |
| 15:58 | Edwin921761 · wall_segment Stone Wall x7 |
| 16:04 | Bozorix · first_building Barracks |
| 16:15 | Astorre Aprile · age_up feudal |
| 16:36 | Astorre Aprile · wall_segment Stone Wall x12 |
| 16:36 | LA YouTube · first_building Archery Range |
| 16:44 | ColonelPacha · wall_segment Stone Wall x3 |
| 16:50 | ColonelPacha · first_building Barracks |
| 17:33 | Bozorix · age_up feudal |
| 18:03 | Dande1987 · wall_segment Stone Wall x8 |
| 18:09 | ColonelPacha · first_building Archery Range |
| 18:13 | Dostoyevski · age_up castle |
| 18:22 | Dande1987 · wall_segment Stone Wall x10 |
| 18:37 | Astorre Aprile · wall_segment Stone Wall x13 |
| 18:57 | Astorre Aprile · wall_segment Stone Wall x2 |
| 19:00 | Edwin921761 · first_market_sell 100 wood |
| 19:20 | Dostoyevski · first_market_buy 100 stone |
| 20:00 | Dande1987 · first_market_sell 100 food |
| 20:09 | ColonelPacha · first_building Stable |
| 20:31 | Edwin921761 · first_building Siege Workshop |
| 21:00 | thesuq · first_building Barracks |
| 21:13 | Dande1987 · first_building Archery Range |
| 21:37 | Dande1987 · wall_segment Stone Wall x1 |
| 21:46 | Dostoyevski · first_building Barracks |
| 22:10 | Astorre Aprile · first_building Barracks |
| 22:12 | Dande1987 · wall_segment Stone Wall x7 |
| 22:44 | Dostoyevski · first_building Siege Workshop |
| 22:56 | thesuq · age_up castle |
| 23:34 | Dande1987 · age_up castle |
| 23:40 | Astorre Aprile · first_building Archery Range |
| 24:43 | Edwin921761 · first_building Castle |
| 24:54 | Astorre Aprile · first_market_sell 100 wood |
| 25:29 | Dostoyevski · first_building Monastery |
| 26:00 | LA YouTube · first_building Stable |
| 26:01 | Edwin921761 · first_building Barracks |
| 26:15 | Astorre Aprile · first_building Dock |
| 26:30 | ColonelPacha · first_building Castle |
| 26:51 | ColonelPacha · first_building Monastery |
| 27:04 | Dande1987 · first_building Monastery |
| 27:14 | thesuq · first_building Siege Workshop |
| 27:24 | Bozorix · age_up castle |
| 27:33 | ColonelPacha · wall_segment Stone Wall x4 |
| 27:51 | Dande1987 · first_building Stable |
| 27:55 | Bozorix · first_market_buy 100 wood |
| 27:56 | thesuq · first_market_buy 100 stone |
| 28:04 | Bozorix · first_building Siege Workshop |
| 28:23 | thesuq · first_building Castle |
| 29:02 | Edwin921761 · first_building Monastery |
| 29:14 | Bozorix · first_building Monastery |
| 29:35 | Dostoyevski · first_building Castle |
| 30:55 | ColonelPacha · wall_segment Stone Wall x6 |
| 31:34 | Dande1987 · first_building Siege Workshop |
| 31:39 | Dostoyevski · first_market_sell 100 food |
| 31:48 | Astorre Aprile · first_building Stable |
| 32:21 | ColonelPacha · wall_segment Stone Wall x8 |
| 33:26 | Astorre Aprile · age_up castle |
| 34:31 | Astorre Aprile · first_building Monastery |
| 34:34 | LA YouTube · age_up castle |
| 35:29 | Dande1987 · first_building Castle |
| 35:40 | ColonelPacha · first_building Siege Workshop |
| 36:08 | Astorre Aprile · first_building Siege Workshop |
| 36:37 | Dostoyevski · age_up imperial |
| 37:17 | Dande1987 · age_up imperial |
| 37:30 | Bozorix · wall_segment Stone Wall x1 |
| 38:27 | LA YouTube · first_building Monastery |
| 38:28 | Astorre Aprile · first_building Castle |
| 40:40 | thesuq · age_up imperial |
| 40:51 | Bozorix · wall_segment Stone Wall x1 |
| 41:02 | Bozorix · wall_segment Stone Wall x1 |
| 41:06 | Bozorix · wall_segment Stone Wall x1 |
| 41:30 | Bozorix · age_up imperial |
| 42:50 | LA YouTube · first_building Castle |
| 43:29 | ColonelPacha · wall_segment Stone Wall x9 |
| 44:02 | Bozorix · first_building Castle |
| 44:45 | Astorre Aprile · first_market_buy 100 stone |
| 44:52 | Astorre Aprile · age_up imperial |
| 46:44 | ColonelPacha · first_market_buy 100 food |
| 47:47 | thesuq · first_market_sell 500 wood |
| 54:26 | thesuq · tribute_sent a jugador 1 |
| 54:26 | thesuq · tribute_sent a jugador 3 |
| 54:26 | thesuq · tribute_sent a jugador 4 |
| 54:26 | thesuq · tribute_sent a jugador 5 |
| 54:26 | thesuq · tribute_sent a jugador 6 |
| 54:26 | thesuq · tribute_sent a jugador 7 |
| 54:26 | thesuq · tribute_sent a jugador 8 |
| 54:26 | LA YouTube · age_up imperial |
| 54:41 | ColonelPacha · first_market_sell 100 wood |
| 55:24 | Edwin921761 · wall_segment Stone Wall x7 |
| 58:25 | LA YouTube · tribute_sent a jugador 1 |
| 58:25 | LA YouTube · tribute_sent a jugador 2 |
| 58:25 | LA YouTube · tribute_sent a jugador 3 |
| 58:25 | LA YouTube · tribute_sent a jugador 4 |
| 58:25 | LA YouTube · tribute_sent a jugador 5 |
| 58:25 | LA YouTube · tribute_sent a jugador 6 |
| 58:25 | LA YouTube · tribute_sent a jugador 7 |
| 59:12 | Edwin921761 · wall_segment Stone Wall x10 |
| 69:37 | Dande1987 · first_market_buy 100 stone |
| 73:34 | LA YouTube · tribute_sent a jugador 1 |
| 73:34 | LA YouTube · tribute_sent a jugador 2 |
| 73:34 | LA YouTube · tribute_sent a jugador 3 |
| 73:34 | LA YouTube · tribute_sent a jugador 4 |
| 73:34 | LA YouTube · tribute_sent a jugador 5 |
| 73:34 | LA YouTube · tribute_sent a jugador 6 |
| 73:34 | LA YouTube · tribute_sent a jugador 7 |
| 73:56 | thesuq · resign |
[ AI ANALYSIS · 1 CREDIT ]
What really happened in this match?
Wolo.gg analyzes every decision: build order, eco, micro, common mistakes by bracket. Personalized analysis on WhatsApp or Discord in 30 seconds.
Civ guide
Celts
Map guide
Black Forest
Perfil
ColonelPacha